 Dungeon Crawl Stone Soup version 0.27-a0-1322-gfdffb62a71 (webtiles) character file.

Game seed: 1897162405040922709

2 Brandom the Sneak (level 1, -2/18 HPs)
             Began as a Demonspawn Delver on June 22, 2021.
             Slain by an orc (4 damage)
             ... on level 3 of the Dungeon.
             The game lasted 00:02:26 (346 turns).

Brandom the Sneak (Demonspawn Delver)                Turns: 346, Time: 00:02:27

Health: -2/18      AC:  3    Str: 12    XL:     1   Next: 33%
Magic:  1/1        EV: 11    Int: 11    God:
Gold:   12         SH:  0    Dex: 14    Spells: 0/0 levels left

rFire    . . .     SeeInvis .   a - +0 falchion
rCold    . . .     Faith    .   (no shield)
rNeg     . . .     Spirit   .   b - +0 leather armour
rPois    .         Reflect  .   (no helmet)
rElec    .         Harm     .   (no cloak)
rCorr    .         Rampage  .   (no gloves)
Will     .....                  (no boots)
Stlth    ++........             (no amulet)
HPRegen  0.06/turn              (no ring)
MPRegen  0.07/turn              (no ring)

@: no status effects
A: no striking features
a: no special abilities


You were on level 3 of the Dungeon.
You visited 1 branch of the dungeon, and saw 3 of its levels.

You collected 12 gold pieces.

Inventory:

Hand Weapons
 a - a +0 falchion (weapon)
Armour
 b - a +0 leather armour (worn)
Wands
 u - a wand of paralysis (10)
   (You found it on level 5 of the Dungeon)
 v - a wand of digging (3)
Scrolls
 d - a scroll of magic mapping
Potions
 e - a potion of flight {unknown}
 f - a potion of haste {@q3}


   Skills:
 * Level 3.0 Fighting
 * Level 1.8 Long Blades
 + Level 0.1 Armour
 + Level 1.8 Dodging
 - Level 4.5 Stealth


You couldn't memorise any spells.
You didn't know any spells.
Your spell library was empty.

Dungeon Overview and Level Annotations

Branches:
Dungeon (5/15)
 Temple: D:4-7

Altars:


Message History

You hear a bark! x2
As you read the scroll of fog, it crumbles to dust.
The scroll dissolves into smoke.
The howler monkey hits you.
The howler monkey hoots and howls with incredible vigour!
You hear a shout! x2
The howler monkey hoots and howls with incredible vigour!
The howler monkey barely misses you.
The howler monkey hoots and howls with incredible vigour!
You hear a shout! x3
An ogre comes into view. It is wielding a +0 giant spiked club.
The ogre shouts!
A quokka comes into view.
Found 21 bolts.
The howler monkey hits you. The quokka misses you.
The quokka bites you but does no damage.
The quokka bites you but does no damage.
The howler monkey hoots and howls with incredible vigour!
You hear a shout!
You hear a bark!
You hear a shout!
You hear a bark!
Found a stone staircase leading up.
The howler monkey hoots and howls with incredible vigour!
The quokka barely misses you. The quokka bites you.
The howler monkey barely misses you.
There is a stone staircase leading up here.
The quokka bites you but does no damage.
You climb upwards.
There is a stone staircase leading down here.
You hit the quokka.
You kill the quokka!
You start resting.
An orc comes into view. It is wielding a +0 short sword.
The orc shouts!
Found 6 gold pieces.
You hit the orc. The orc hits you but does no damage.
You closely miss the orc. The orc hits you with a +0 short sword.
* * * LOW HITPOINT WARNING * * *
You barely miss the orc. The orc barely misses you. The orc closely misses you.
Unknown command.
You hit the orc. The orc hits you with a +0 short sword.
* * * LOW HITPOINT WARNING * * *
You barely miss the orc. The orc hits you with a +0 short sword.
* * * LOW HITPOINT WARNING * * *
You closely miss the orc. The orc hits you with a +0 short sword.
* * * LOW HITPOINT WARNING * * *
You barely miss the orc. The orc hits you with a +0 short sword.
* * * LOW HITPOINT WARNING * * *
You barely miss the orc. The orc barely misses you.
An orc comes into view. It is wielding a +0 club.
The orc hits you with a +0 short sword.
You die...

###.......
#....#o.#
+......>#
#.....###
#.....#
#.....#
#.....#
#....o#
#####@#
#.# #.#
#.# #.#
#.# #.#
#.#


You could see 2 orcs.

Vanquished Creatures
  An endoplasm (D:4)
  A quokka (D:3)
2 creatures vanquished.

Notes
Turn   | Place    | Note
-------+----------+-------------------------------------------
     0 | D:5      | Brandom the Demonspawn Delver began the quest for the Orb.
     0 | D:5      | Reached XP level 1. HP: 18/18 MP: 1/1
   198 | D:4      | Noticed a hound
   238 | D:4      | Noticed a howler monkey
   296 | D:4      | Noticed an ogre
   346 | D:3      | Slain by an orc

Illustrated notes

Levels and vault maps discovered:
D:3:      layout_basic, grunt_gozag_breadcrumbs, serial_shops,
          nicolae_square_shop, gammafunk_ghost_arena
D:4:      layout_loops_corners, serial_shops, nicolae_stop_n_shop_1,
          grunt_ministairs_1
D:5:      layout_loops_ring, nicolae_ashenzari_panopticon,
          nicolae_uskayaw_en_pointe, temple_green,
          cheibrodos_sewer_entry_sluice, uniq_sigmund

Action                   || total
-------------------------++-------
Melee: Falchion          ||    10
  Use: Scroll            ||     2
 Stab: Sleeping          ||     1
Armor: Leather armour    ||     5
Dodge: Dodged            ||    13
       Rpst.: Falchion   ||     1

Table legend: (Time is in decaauts)
 A = Elapsed time spent in this place.
 B = Non-inter-level travel time spent in this place.
 C = Inter-level travel time spent in this place.
 D = Time resting spent in this place.
 E = Time spent auto-exploring this place.
 F = Levels seen in this place.
 G = Mean time per level.
                   A        B        C        D        E       F      G
               +--------+--------+--------+--------+--------+-----+--------+
         Total |    347 |    347 |      0 |     17 |     12 |   3 |  115.7 |
       Dungeon |    347 |    347 |      0 |     17 |     12 |   3 |  115.7 |
               +--------+--------+--------+--------+--------+-----+--------+

Top non-repeatable levels by time:
     D:4: 302 daAuts
     D:3: 39 daAuts
     D:5: 6 daAuts
